 Dungeon Crawl Stone Soup version 0.32-a0-732-ga344392 (webtiles) character file.

Game seed: 8722788537448867647

45 herry0 the Slasher (level 3, 0/27 HPs)
             Began as a Coglin Gladiator on Mar 16, 2024.
             Slain by Grinder (7 damage)
             ... on level 3 of the Dungeon.
             The game lasted 00:04:03 (1991 turns).

herry0 the Slasher (Coglin Gladiator)               Turns: 1991, Time: 00:04:03

Health: 0/27       AC:  6    Str: 14    XL:     3   Next: 64%
Magic:  3/3        EV: 11    Int:  7    God:
Gold:   52         SH:  0    Dex: 17    Spells: 2/2 levels left

rFire   . . .        a - +0 long sword {Appius}
rCold   . . .        f - +0 dagger {Bastian}
rNeg    . . .        b - +0 leather armour
rPois   .            c - +0 helmet
rElec   .            (no cloak)
rCorr   .            g - +0 pair of gloves
SInv    .            r - +0 pair of boots
Will    .....        (amulet unavailable)
Stlth   +            (ring unavailable)
HPRegen 0.24/turn    (ring unavailable)
MPRegen 0.08/turn    (no gizmo)

%: no passive effects
@: revving
A: off-hand wielding, slow wielding, warmup strikes, no jewellery
a: Invent Gizmo


You were on level 3 of the Dungeon.
You visited 1 branch of the dungeon, and saw 3 of its levels.

You collected 52 gold pieces.

Inventory:

Hand Weapons
 a - a +0 long sword (weapon) {Appius}
 f - a +0 dagger (offhand) {Bastian}
Missiles
 e - a javelin
 h - 10 poisoned darts
Armour
 b - a +0 leather armour (worn)
 c - a +0 helmet (worn)
 g - a +0 pair of gloves (worn)
 r - a +0 pair of boots (worn)
Scrolls
 i - 2 scrolls of noise {unknown}
 k - 2 scrolls of revelation {unknown}
 l - a scroll of butterflies {unknown}
 m - a scroll of teleportation {unknown}
 p - 2 scrolls of identify {unknown}
 q - a scroll of blinking {unknown}
 u - a scroll of torment {unknown}
 v - a scroll of amnesia {unknown}
Potions
 j - a potion of heal wounds {unknown}
 n - a potion of berserk rage {unknown}
 o - 2 potions of resistance {unknown}
 s - a potion of haste {unknown}
 t - a potion of lignification {unknown}


   Skills:
 - Level 2.0 Fighting
 * Level 4.2 Long Blades
 - Level 1.8 Throwing
 - Level 3.0 Dodging


You had 2 spell levels left.
You didn't know any spells.
Your spell library was empty.

Dungeon Overview and Level Annotations

Branches:
Dungeon (3/15)

Altars:

Shops:
D:1 =   D:2 (**

Annotations:
D:3 Grinder


Innate Abilities, Weirdness & Mutations

You can wield a second weapon in your off-hand.
It takes a long time for you to wield or remove held weapons.
Your first few attacks do less damage.
You cannot equip rings or amulets.


Message History

There is a stone staircase leading up here.
There is a stone staircase leading down here.
You climb downwards.
There is a stone staircase leading up here.
Grinder comes into view.
Grinder shouts!
You hear a shout!
A goblin comes into view. It is wielding a +0 club.
Grinder gestures at you. You resist with significant effort.
You see here a scroll labelled OMORCH HUMPI.
Throw: 2 throwing nets
Press: ? - help, Q - select action, (/) - cycle Shift-Dir - straight line, f - Grinder
Aim: Grinder (53% to hit)
You throw a throwing net. The throwing net barely misses Grinder.
Unknown command.
Grinder says, "At least Makhleb appreciates what I'm doing."
You hit Grinder with your +0 long sword.
Grinder is lightly wounded.
You hit Grinder but do no damage. Grinder hits you.
You writhe in agony.
You closely miss Grinder with your +0 dagger.
Grinder is lightly wounded.
You barely miss Grinder with your +0 long sword.
Grinder hits you.
You writhe in agony.
You barely miss Grinder with your +0 dagger.
Grinder is lightly wounded.
You closely miss Grinder with your +0 long sword.
Grinder gestures at you. Pain shoots through your body!
* * * LOW HITPOINT WARNING * * *
Throw: throwing net
Press: ? - help, Q - select action, (/) - cycle Shift-Dir - straight line, f/p - Grinder
Aim: Grinder (lightly wounded, 53% to hit)
You throw a throwing net. The throwing net barely misses Grinder.
Grinder hits you but does no damage.
You barely miss Grinder with your +0 dagger.
Grinder is lightly wounded.
You hit Grinder with your +0 long sword.
Grinder hits you!
You die...
Grinder sighs, "Dead already?
I want a refund."

#...# .~..~..
#...# ~...~.~
#...# ~..~~.~
#...# ...~~~.
#...# ..~~~~~
#...##...~~.~
#......~g≈~..
#..<#?..~~≈..
##.##@..~.~.~
#. #5...≈...
#. #...~≈≈..
#. #....≈≈..
.. .(..#≈≈#.
#. ######≈#
#. ≈# #


You could see Grinder and a goblin.

Vanquished Creatures
  An adder (D:2)
  A dart slug (D:1)
  A ribbon worm (D:2)
  3 ball pythons
  3 bats
  An endoplasm (D:2)
  A giant cockroach (D:2)
  2 goblins (D:2)
  2 hobgoblins (D:2)
  4 jackals (D:2)
  3 kobolds
  A quokka (D:2)
  4 frilled lizards
  3 rats (D:2)
30 creatures vanquished.

Notes
Turn   | Place    | Note
-------+----------+-------------------------------------------
     0 | D:1      | herry0 the Coglin Gladiator began the quest for the Orb.
     0 | D:1      | Reached XP level 1. HP: 16/16 MP: 1/1
   520 | D:1      | Reached XP level 2. HP: 10/22 MP: 2/2
   589 | D:1      | Found Vuyxkita's Jewellery Shoppe.
  1245 | D:2      | Reached XP level 3. HP: 22/27 MP: 3/3
  1367 | D:2      | Found Epnu's Antique Weapon Shop.
  1383 | D:2      | Reached skill level 4 in Long Blades
  1478 | D:2      | Found Ruublen's General Store.
  1662 | D:2      | Found a faded altar of an unknown god.
  1770 | D:2      | Found Itauraph's Assorted Antiques.
  1983 | D:3      | Noticed Grinder
  1991 | D:3      | Slain by Grinder

Illustrated notes

Levels and vault maps discovered:
D:1:      lemuel_arrival_river_ford, layout_basic, serial_shops,
          nicolae_lakefront_shop, minmay_hedge_maze, grunt_decor_arrowhead,
          nrook_mini_backslash
D:2:      layout_loops_cross, hellmonk_ecumenical_altar_prayer_group,
          serial_shops, nicolae_square_shop, nicolae_shop_dealshenge,
          nicolae_shop_stone
D:3:      minmay_recursive_quarters, layout_rooms, mainiacjoe_overflow_paths,
          chequers_serial_rivers_small_3, st_stairs_7, uniq_crazy_yiuf_cottage,
          uniq_terence, uniq_grinder

Skill      XL: |  1  2  3 |
---------------+----------+-----
Dodging        | 3 |  3.0
Long Blades    | 4 |  4.2
Fighting       | |  2.0
Throwing       | |  1.8

Action                     || total
---------------------------++-------
  Melee: Long sword        ||    73
         Dagger            ||    68
  Throw: Throwing net      ||     3
 Armour: Leather armour    ||    74
  Dodge: Dodged            ||    50

Table legend: (Time is in decaauts)
 A = Elapsed time spent in this place.
 B = Non-inter-level travel time spent in this place.
 C = Inter-level travel time spent in this place.
 D = Time resting spent in this place.
 E = Time spent auto-exploring this place.
 F = Levels seen in this place.
 G = Mean time per level.
                   A        B        C        D        E       F      G
               +--------+--------+--------+--------+--------+-----+--------+
         Total |   1997 |   1913 |     84 |    206 |   1479 |   3 |  665.7 |
       Dungeon |   1997 |   1913 |     84 |    206 |   1479 |   3 |  665.7 |
               +--------+--------+--------+--------+--------+-----+--------+

Top non-repeatable levels by time:
     D:1: 1107 daAuts
     D:2: 881 daAuts
     D:3: 9 daAuts
